[Event "Early-Titled-Tuesday-Blitz-September-05-2023"]
[Site "Chess.com"]
[Date "2023.09.05"]
[Round "5"]
[White "AlexandraSamaganova"]
[Black "ArmanGhevondyanchess"]
[Result "0-1"]
[WhiteElo "2277"]
[BlackElo "2450"]
[TimeControl "180+1"]
[EndTime "8:55:13 PDT"]
[Termination "ArmanGhevondyanchess won on time"]

1. c4 Nf6 2. Nc3 d5 3. cxd5 Nxd5 4. Nf3 g6 5. e3 Bg7 6. d4 O-O 7. Be2 c5 8. O-O Nc6 9. h3 cxd4 10. exd4 b6 11.
Re1 Bb7 12. Bc4 Nxc3 13. bxc3 Na5 14. Bb3 Rc8 15. Ba3 Rc7 16. Rc1 h6 17. Ne5 Bxe5 18. Rxe5 Kg7 19. Qe1 Nxb3 20. axb3 Re8 21. Qe2 e6 22. c4 Rc8 23. Bb2 Kh7 24. Rd1 Qd7 25. Qg4 Rcd8 26. Qf4 g5 27. Qg4 f6 28. Ree1 Qf7 29. Qg3 Rd7 30. Qc3 Red8 31. Re3 e5 32. d5 Qg6 33. Ra1 Ba8 34. Re2 g4 35. hxg4 Qxg4 36. f3 Qg6 37. Bc1 Rg8 38. Kf1 Rdg7 39.
Rea2 a5 40. Qc2 f5 41. Be3 Bb7 42. c5 bxc5 43. Qxc5 f4 44. Bg1 Ba6+ 45. Ke1 Qd3 46.
Qf2 Rxg2 47. Qxg2 Rxg2 48. Rxg2 Qf1+ 49. Kd2 Qxg2+ 50. Kc3 Qxf3+ 51. Kb2 Qxd5 52. Ka3 Qd6+ 53. Ka2 e4 54. Rc1 e3 0-1

[Event "Early-Titled-Tuesday-Blitz-September-05-2023"]
[Site "Chess.com"]
[Date "2023.09.05"]
[Round "5"]
[White "Russian_berezka"]
[Black "andrzej"]
[Result "1-0"]
[WhiteElo "2559"]
[BlackElo "2384"]
[TimeControl "180+1"]
[EndTime "8:55:15 PDT"]
[Termination "Russian_berezka won by checkmate"]

1. c4 e6 2. Nc3 d5 3. d4 Nf6 4. cxd5 exd5 5. Bg5 c6 6. e3 h6 7. Bh4 Be7 8. Bd3 O-O 9. Nge2 Re8 10. Bg3 Nbd7 11.
h3 Bf8 12. O-O Ne4 13. Nxe4 dxe4 14. Bc4 Nb6 15. Bb3 a5 16. Nc3 Bd6 17. Bxd6 Qxd6 18. a3 g6 19. f3 exf3 20. Qxf3 Rf8 21. Ne4 Qe7 22. Nc5 Kg7 23. e4 a4 24. Ba2 Nd7 25. Nd3 Qd6 26. Qf2 Qe7 27. e5 Nb6 28. Nc5 Bf5 29. g4 Be6 30. Qf6+ Qxf6 31. exf6+ Kh7 32. Bxe6 fxe6 33. Nxe6 Rf7 34. h4 Nc4 35.
Rf2 Re8 36. Re1 Nd6 37. Kf1 Rc8 38. Nc5 b6 39. Ne4 Nc4 40. Ng3 c5 41. dxc5 Rxc5 42. Re7 Rc7 43. Rxc7 Rxc7 44. f7 Ne3+ 45. Ke2 Re7 46.
f8=Q Nd5+ 47. Kd3 Nf4+ 48. Qxf4 Rd7+ 49. Ke3 Re7+ 50. Kf3 Kg8 51. Kg2 Re8 52. Qf7+ Kh8 53. Qxe8+ Kg7 54. Rf7# 1-0

[Event "Early-Titled-Tuesday-Blitz-September-05-2023"]
[Site "Chess.com"]
[Date "2023.09.05"]
[Round "5"]
[White "Thecourseoisildur"]
[Black "merinasian"]
[Result "1-0"]
[WhiteElo "2593"]
[BlackElo "2434"]
[TimeControl "180+1"]
[EndTime "8:55:17 PDT"]
[Termination "Thecourseoisildur won by resignation"]

1. e4 d6 2. d4 Nd7 3. Nf3 g6 4. Bc4 e6 5. h4 h6 6. Nc3 Bg7 7. Qe2 a6 8. a4 b6 9. Be3 Bb7 10. O-O-O Ne7 11. Kb1 Nf6 12. Bc1 d5 13. exd5 Nexd5 14. Nxd5 Nxd5 15. c3 Qd7 16. Bb3 O-O-O 17. Ne5 Qe7 18.
Bc4 Bxe5 19. dxe5 a5 20. f4 Kb8 21. h5 gxh5 22. Rxh5 Qd7 23. Rd4 Rhg8 24. Rxh6 c5 25. Rd3 Qxa4 26. b3 Qc6 27. Rf3 a4 28. Bb5 Qc7 29. Bxa4 c4 30. Qxc4 Rxg2 31. Qxc7+ Nxc7 32. Rfh3 Rg1 33. Rh8 Rxh8 34. Rxh8+ Ka7 35. Be8 Nd5 36. Bxf7 Nxc3+ 37. Kc2 Ne4 38. Be3 Rg2+ 39. Kd1 Nc5 40. Bxc5 bxc5 41. Bxe6 Rg1+ 42. Ke2 Rg2+ 43. Kf1 Rb2 44.
f5 Rb1+ 45. Kf2 Rb2+ 46. Kg3 Re2 47. Kf4 Re4+ 48. Kg5 Rxe5 49. Kf6 Re1 50. Rh7 Kb6 51. Re7 Rf1 52. Bc4 Be4 53. Rxe4 Rxf5+ 54. Kxf5 Ka5 55. Re8 Kb4 56. Ke4 1-0

[Event "Early-Titled-Tuesday-Blitz-September-05-2023"]
[Site "Chess.com"]
[Date "2023.09.05"]
[Round "5"]
[White "Apocalyps999"]
[Black "PavelChernomordik"]
[Result "0-1"]
[WhiteElo "2303"]
[BlackElo "2503"]
[TimeControl "180+1"]
[EndTime "8:55:18 PDT"]
[Termination "PavelChernomordik won by checkmate"]

1. e4 g6 2. d4 Bg7 3. Nc3 d6 4. Be3 a6 5. Qd2 b5 6. f4 Bb7 7. Nf3 e6 8. Bd3 Nd7 9. h4 Ngf6 10. a4 b4 11. Ne2 Bxe4 12. Bxe4 Nxe4 13. Qxb4 Rb8 14. Qa3 Ndf6 15. Ng5 h5 16. Nxe4 Nxe4 17. b4 c5 18. bxc5 dxc5 19. Rd1 Qa5+ 20. Kf1 O-O 21.
dxc5 Rfd8 22. Rxd8+ Rxd8 23. g3 Rd1+ 24. Kg2 Rxh1 25.
Kxh1 Qe1+ 26. Ng1 Qxg3 27. Qd3 Qxh4+ 28. Kg2 Qg4+ 29. Kf1 Ng3+ 30. Ke1 Nf5 31. Bf2 Qxf4 32. Nh3 Qxa4 33. Ng5 Bf6 34. Ne4 Bd4 35. Bxd4 Nxd4 36. Nf6+ Kg7 37. Ne4 Nxc2+ 38. Kd2 Nd4 39. Qc3 e5 40. Ke3 Nc6 41. Nd6 Qf4+ 42. Ke2 h4 43. Nc4 Qg4+ 44. Qf3 Qxc4+ 45. Kf2 Qxc5+ 46. Kg2 Qc2+ 47. Kh3 Qf5+ 48. Kxh4 Qxf3 49. Kg5 f6+ 50. Kh4 g5# 0-1

[Event "Early-Titled-Tuesday-Blitz-September-05-2023"]
[Site "Chess.com"]
[Date "2023.09.05"]
[Round "5"]
[White "Angry_Twin"]
[Black "Korchmar_Vasiliy"]
[Result "0-1"]
[WhiteElo "2929"]
[BlackElo "2712"]
[TimeControl "180+1"]
[EndTime "8:55:19 PDT"]
[Termination "Korchmar_Vasiliy won on time"]

1. e4 c5 2. Nf3 d6 3. Bb5+ Nd7 4. O-O a6 5. Bd3 Ngf6 6. c3 e6 7. Bc2 b5 8. d4 Bb7 9. Re1 Be7 10. Nbd2 O-O 11.
Qe2 Qc7 12. e5 Nd5 13. Ne4 dxe5 14. dxe5 Nxe5 15. Bg5 Nxf3+ 16. Qxf3 f5 17. Bxe7 Nxe7 18. Qg3 Qxg3 19. Nxg3 Bd5 20. Ne2 g5 21. b3 Kf7 22.
f3 Ng6 23. Nc1 c4 24. b4 a5 25. Ne2 axb4 26. cxb4 Ra3 27. Nd4 Rb8 28. Red1 Nf4 29.
h3 h6 30. Kh2 Kf6 31. Rd2 h5 32. Bd1 h4 33. Nc2 Rd3 34. Rxd3 cxd3 35. Ne3 Ke5 36. Kg1 Kd4 37. Kf2 Kc3 38. Rb1 Bxa2 39. Rc1+ Kxb4 40.
Rc7 Bc4 41. Ra7 Kc5 42. Ke1 Kb6 43. Re7 Ra8 44. Rg7 Ra1 45. Rxg5 Kc5 46. Kd2 Ra2+ 47. Ke1 Kd4 48. Nf1 Kc3 49. Ne3 d2+ 50. Kf2 Nd3+ 51. Kg1 Ra1 52. Kh2 Nb2 0-1

[Event "Early-Titled-Tuesday-Blitz-September-05-2023"]
[Site "Chess.com"]
[Date "2023.09.05"]
[Round "5"]
[White "jk13"]
[Black "Dixit_Nikhil"]
[Result "1-0"]
[WhiteElo "2680"]
[BlackElo "2489"]
[TimeControl "180+1"]
[EndTime "8:55:19 PDT"]
[Termination "jk13 won on time"]

1. e4 c5 2. c3 a6 3. Nf3 b6 4.
d4 d6 5. Bc4 e6 6. O-O Nf6 7. Qe2 Be7 8. e5 dxe5 9. dxe5 Nd5 10.
Qe4 Bb7 11. Qg4 Kf8 12. Qh5 Nd7 13. Re1 Qe8 14. a4 f5 15. Qh3 Qg6 16. Na3 h5 17.
Qg3 Qg4 18. Ng5 Rh6 19. f3 Qxg3 20. hxg3 Rg6 21. f4 Ke8 22. Bd2 Nf8 23. Kh2 Bxg5 24. fxg5 Nh7 25. Be2 Rxg5 26. Bxg5 Nxg5 27. Bxh5+ Ke7 28.
Kg1 Ne4 29. Bf3 Nxg3 30. c4 Nf4 31. Bxb7 Rh8 32. Kf2 Ngh5 33. Rad1 g5 34. Bc6 Kf7 35. Rd7+ Kg6 36. g3 Nh3+ 37. Kg2 g4 38. Re7 f4 39.
Be4+ Kg5 40. Rxe6 Nxg3 41. Rg6+ Kh4 42. e6 Nxe4 43. Rxe4 f3+ 44. Kh2 f2 45. Rgxg4+ Kh5 46. Rgf4 Nxf4 47. Rxf4 Kg5+ 48. Kg3 Re8 49. Rxf2 Rxe6 50.
Rd2 Re3+ 51. Kf2 Re4 52. Kf3 Re1 53. Rd5+ 1-0

[Event "Early-Titled-Tuesday-Blitz-September-05-2023"]
[Site "Chess.com"]
[Date "2023.09.05"]
[Round "5"]
[White "vesalhamedinia"]
[Black "Hamisandwich"]
[Result "0-1"]
[WhiteElo "2476"]
[BlackElo "2650"]
[TimeControl "180+1"]
[EndTime "8:55:19 PDT"]
[Termination "Hamisandwich won by checkmate"]

1. d4 a6 2. e4 c6 3. Bd3 d5 4.
c3 dxe4 5. Bxe4 Nf6 6. Bc2 g6 7. Nf3 Bg7 8. Bf4 O-O 9. O-O Nbd7 10. Re1 Nd5 11. Bg5 h6 12. Bh4 g5 13. Bg3 N7f6 14.
Qd3 Nf4 15. Bxf4 gxf4 16. Ne5 c5 17. Nd2 cxd4 18. cxd4 Qd5 19. Bb3 Qb5 20. Qf3 Qb4 21. Qxf4 e6 22. Ne4 Nxe4 23. Qxe4 Rd8 24. Rad1 a5 25. Qf4 Qe7 26. Ng4 Qg5 27. Qf3 a4 28.
Bc2 h5 29. Ne5 Ra5 30. Qxf7+ Kh8 31. Ng6+ Kh7 32. Nf8+ Kh8 33. Ng6+ Kh7 34. Ne7+ Kh8 35. Nxc8 Rxc8 36. Bg6 Rf8 37. Qxe6 Ra6 38. Qe4 Rxg6 39. g3 h4 40. d5 h3 41. f4 Qf5 42. Qxf5 Rxf5 43.
d6 Rf8 44. d7 Bf6 45. Re8 Rgg8 46. Rxf8 Rxf8 47. g4 Kg7 48. g5 Bd8 49. Kf2 Rxf4+ 50.
Kg3 Rb4 51. Kxh3 Rxb2 52. Rd4 Rxa2 53. Kg3 a3 54. h4 Rb2 55. h5 a2 56. h6+ Kh7 57.
Kg4 a1=Q 58. Kh5 Qh1+ 59. Kg4 Qg1+ 60. Kf5 Qxd4 61. g6+ Kxh6 62. g7 Rf2+ 63. Ke6 Rf6# 0-1

[Event "Early-Titled-Tuesday-Blitz-September-05-2023"]
[Site "Chess.com"]
[Date "2023.09.05"]
[Round "5"]
[White "DKmirl"]
[Black "Fengwi"]
[Result "1-0"]
[WhiteElo "2270"]
[BlackElo "2221"]
[TimeControl "180+1"]
[EndTime "8:55:20 PDT"]
[Termination "DKmirl won by checkmate"]

1. d4 d5 2. Nf3 Nf6 3. g3 e6 4.
Bg2 b5 5. O-O Be7 6. c3 O-O 7.
a4 b4 8. cxb4 Bxb4 9. Nc3 Nbd7 10. Ne5 Nxe5 11. dxe5 Nd7 12. e4 c6 13. exd5 cxd5 14. Bf4 Ba6 15. Re1 Qa5 16. Bd2 Rab8 17. Qg4 Rfc8 18. Red1 Nxe5 19. Qd4 Nd3 20. Nb5 Bxd2 21.
Qxd3 Bb4 22. Bf1 Bf8 23. b3 Qb6 24. Rab1 Bb7 25. Qd2 a6 26. Nd4 Bb4 27. Qe3 Rc3 28. Rd3 Rxd3 29. Qxd3 Bc5 30. Nc2 Bxf2+ 31. Kg2 Bc5 32.
Kh3 e5 33. g4 Qe6 34. Qf5 Qxf5 35. gxf5 Bc8 36. Kg4 g6 37. Kf3 Bxf5 38. Rc1 Bb4 39. Nxb4 Rxb4 40. Bxa6 Rxb3+ 41. Kf2 Rb2+ 42. Kg3 d4 43. a5 Ra2 44. Rc5 f6 45. Bc4+ Kg7 46. Bxa2 h5 47. Bc4 g5 48. a6 g4 49. a7 Be4 50. Bd5 d3 51. Bxe4 d2 52. Rd5 Kh6 53. Rxd2 Kg5 54. Kf2 h4 55. a8=Q Kf4 56. Qa3 g3+ 57.
hxg3+ hxg3+ 58. Qxg3+ Kxe4 59. Qf3# 1-0

[Event "Early-Titled-Tuesday-Blitz-September-05-2023"]
[Site "Chess.com"]
[Date "2023.09.05"]
[Round "5"]
[White "AradNazari"]
[Black "GOGIEFF"]
[Result "0-1"]
[WhiteElo "2706"]
[BlackElo "3002"]
[TimeControl "180+1"]
[EndTime "8:55:21 PDT"]
[Termination "GOGIEFF won on time"]

1. e4 c5 2. Nf3 d6 3. Bb5+ Nd7 4. d4 cxd4 5. Qxd4 a6 6. Bxd7+ Bxd7 7. O-O Rc8 8. c4 e5 9. Qd3 b5 10. Nfd2 Qc7 11. b3 Nf6 12. Nc3 Qb7 13. a4 bxc4 14. bxc4 Be7 15. Ba3 Qc7 16. Nd5 Nxd5 17. cxd5 O-O 18.
Qxa6 Ra8 19. Qc4 Qa7 20. Nf3 Rfc8 21. Qb4 f6 22. Bc1 Bxa4 23. Be3 Qd7 24. h3 Bd8 25.
Rfc1 Rcb8 26. Qa3 Ra6 27. Nd2 Rba8 28. Qb2 Bb5 29. Rab1 Bd3 30. Qb7 Qxb7 31. Rxb7 Ba5 32. Nb3 Bd8 33. Nd2 Ra4 34. Rd7 Bxe4 35. Nxe4 Rxe4 36.
Rxd6 Rea4 37. Rd7 f5 38. Rb1 Bf6 39. Bb6 f4 40. f3 e4 41. fxe4 Rxe4 42. Kh2 h5 43. d6 Ra2 44. Rb7 f3 45. Rg1 Be5+ 46. Kh1 Bxd6 47. Rd7 Bg3 48. Rd3 f2 49. Rxg3 fxg1=Q+ 50. Kxg1 h4 51. Rg5 Kf7 52. Rf5+ Ke6 53. Rg5 Re1+ 54.
Kh2 Raa1 55. g3 Re2+ 0-1

[Event "Early-Titled-Tuesday-Blitz-September-05-2023"]
[Site "Chess.com"]
[Date "2023.09.05"]
[Round "5"]
[White "Goi_Manne"]
[Black "the-gambler"]
[Result "1-0"]
[WhiteElo "2318"]
[BlackElo "2446"]
[TimeControl "180+1"]
[EndTime "8:55:21 PDT"]
[Termination "Goi_Manne won by checkmate"]

1. e4 Nf6 2. e5 Nd5 3. c4 Nb6 4. d4 d6 5. exd6 exd6 6. Nc3 Be7 7. Be2 O-O 8. h3 Bf5 9. Nf3 Nc6 10. O-O Re8 11. Be3 Bf6 12. a3 d5 13. c5 Nc4 14.
Bxc4 dxc4 15. d5 Na5 16. Qa4 Nb3 17. Rad1 Bc2 18. Qxc4 Bxd1 19. Rxd1 Na5 20. Qb4 b6 21. c6 Qe7 22. Qxe7 Rxe7 23. Bd4 Bxd4 24. Rxd4 Nb3 25. Re4 Rxe4 26. Nxe4 Re8 27. d6 Nc5 28. Nxc5 bxc5 29. d7 Rb8 30. Nd2 Kf8 31. Nc4 Ke7 32. Na5 Rxb2 33. Nb7 Rd2 34. Nxc5 Rd6 35. Nb7 Rd2 36. Kf1 a6 37. Ke1 Rd5 38. Ke2 h5 39. Ke3 f6 40. g3 g5 41. Ke4 Rd2 42. f4 gxf4 43.
Kxf4 Rd4+ 44. Kf5 Rd3 45. d8=Q+ Rxd8 46. Nxd8 Kxd8 47. Kxf6 Ke8 48. g4 hxg4 49. hxg4 Kf8 50. g5 a5 51. g6 a4 52. Ke6 Kg7 53. Kd7 Kxg6 54. Kxc7 Kf5 55. Kb7 Ke6 56. c7 Kd5 57. c8=Q Kd4 58. Qc2 Kd5 59. Qxa4 Kc5 60. Qc6+ Kd4 61.
a4 Kd3 62. a5 Kd2 63. a6 Kd1 64. a7 Kd2 65. a8=Q Kd1 66. Qa2 Ke1 67. Qe4+ Kd1 68.
Qd3+ Ke1 69. Qde2# 1-0

[Event "Early-Titled-Tuesday-Blitz-September-05-2023"]
[Site "Chess.com"]
[Date "2023.09.05"]
[Round "5"]
[White "Semetey"]
[Black "TioCridineno"]
[Result "0-1"]
[WhiteElo "2564"]
[BlackElo "2350"]
[TimeControl "180+1"]
[EndTime "8:55:23 PDT"]
[Termination "TioCridineno won by resignation"]

1. Nf3 Nf6 2. g3 g6 3. Bg2 Bg7 4. O-O O-O 5. b3 d6 6. d4 c6 7. Bb2 Nbd7 8. c4 Re8 9. Nc3 e5 10. e3 Qc7 11. Qc2 h5 12. Rfd1 a6 13. a4 Nf8 14. h3 N8h7 15. c5 e4 16. cxd6 Qxd6 17.
Ne5 Ng5 18. h4 Nf3+ 19. Nxf3 exf3 20. Bxf3 Bg4 21. Bxg4 Nxg4 22. Ne4 Qd5 23. Nd2 Bh6 24. Nf1 Rad8 25. Rd3 Qf5 26. Rad1 Nf6 27. Qe2 Qh3 28. Qf3 Ne4 29. Nd2 Nxd2 30. R1xd2 Rd5 31. Re2 f5 32. e4 fxe4 33. Rxe4 Rxe4 34. Qxe4 Qf5 35. Qxf5 Rxf5 36. f3 Kf7 37. Kf2 Rd5 38. Ke2 Ke6 39. Bc3 Rf5 40. Bd2 Bg7 41. Re3+ Kd7 42. Kd3 Rd5 43. Re4 Rf5 44.
Bf4 b5 45. axb5 axb5 46. Ke3 Rd5 47. Be5 Bh6+ 48. f4 Bf8 49. Kf3 c5 50. dxc5 Bxc5 51. Ke2 Kc6 52. Bc3 Kd7 53. Bd2 Kd6 54. Be3 Ba3 55.
Re8 Kd7 56. Rg8 Rd6 57. Rb8 Kc6 58. Rb6+ Kc7 59. Kf3 Rxb6 60. Bxb6+ Kxb6 61. g4 hxg4+ 62. Kxg4 Bc1 63. f5 gxf5+ 64. Kxf5 Kc5 65. Ke4 Kb4 66. Kd3 Kxb3 0-1

[Event "Early-Titled-Tuesday-Blitz-September-05-2023"]
[Site "Chess.com"]
[Date "2023.09.05"]
[Round "5"]
[White "jeetjain"]
[Black "MartinMatthiesen"]
[Result "1-0"]
[WhiteElo "2621"]
[BlackElo "2463"]
[TimeControl "180+1"]
[EndTime "8:55:24 PDT"]
[Termination "jeetjain won on time"]

1. c4 Nf6 2. Nc3 c5 3. Nf3 e6 4. g3 b6 5. Bg2 Bb7 6. O-O Be7 7. b3 O-O 8. Bb2 a6 9. d4 cxd4 10. Nxd4 Bxg2 11. Kxg2 Qc7 12. Qd3 Nc6 13. Rfd1 Rfd8 14.
e4 Nxd4 15. Qxd4 Bc5 16. Qd3 Qb7 17. f3 Be7 18. e5 Ne8 19. Ne4 d6 20. exd6 Nxd6 21.
Qc3 Ne8 22. h4 Rd7 23. h5 h6 24. Rxd7 Qxd7 25. Qe3 f5 26. Nf2 Bc5 27. Qe2 Nf6 28. Bxf6 gxf6 29. Re1 e5 30. Nd3 Bd4 31. Qd2 Kh7 32. Nb4 Rg8 33. Nd5 Qg7 34. Kh1 Qxg3 35. Nxf6+ Kg7 36. Nxg8 Qh4+ 37. Kg2 Kxg8 38. Rh1 Qf6 39.
Kf1 e4 40. Qg2+ Kf8 41. fxe4 fxe4+ 42. Ke2 Qe5 43. Rf1+ Ke7 44. Qh3 Bc5 45. Qh4+ Ke8 46. Rd1 Qb2+ 47. Rd2 Qe5 48. Qd8+ Kf7 49. Qh4 1-0

[Event "Early-Titled-Tuesday-Blitz-September-05-2023"]
[Site "Chess.com"]
[Date "2023.09.05"]
[Round "5"]
[White "Vanina1989"]
[Black "GMWSO"]
[Result "0-1"]
[WhiteElo "2718"]
[BlackElo "3065"]
[TimeControl "180+1"]
[EndTime "8:55:26 PDT"]
[Termination "GMWSO won on time"]

1. d4 e6 2. c4 d5 3. Nf3 Nf6 4. Nc3 a6 5. c5 b6 6. cxb6 c5 7. Bf4 Bd6 8. Bxd6 Qxd6 9. dxc5 Qxc5 10. Qd4 Qa5 11. Qa4+ Qxa4 12. Nxa4 Nbd7 13. e3 Rb8 14. Rc1 Ke7 15. Nd4 Bb7 16. Nc6+ Bxc6 17. Rxc6 a5 18.
Bb5 Rhc8 19. Rxc8 Rxc8 20. O-O Rb8 21. Rc1 Nxb6 22. Nxb6 Rxb6 23. a4 Rb7 24. Rc8 Ne4 25. Ra8 Rc7 26. g4 Rc1+ 27. Kg2 Rc2 28. Rxa5 Rxf2+ 29. Kg1 Rxb2 30. Ra7+ Kf6 31. h4 g5 32. hxg5+ Nxg5 33.
Kf1 Nf3 34. Be8 Nh2+ 35. Ke1 Nxg4 36. Rxf7+ Ke5 37. Rxh7 Nxe3 38. a5 Ra2 39. Ra7 d4 40.
Bg6 Ng2+ 41. Kd1 Nf4 42. Bb1 Ra1 43. Kc1 d3 44. Kb2 d2 45. Rd7 Nd5 46. Bc2 Rxa5 47.
Bb3 Rb5 48. Kc2 Rxb3 49. Kxd2 Rh3 50. Kc2 Kd4 51. Ra7 Rc3+ 52. Kd2 e5 53. Ra4+ Rc4 54. Ra5 e4 55. Ke2 Rc2+ 56. Ke1 Rc1+ 57. Kd2 Rc4 58.
Ke1 e3 59. Ke2 Ke4 60. Ra2 Nf4+ 61. Ke1 Rd4 0-1

[Event "Early-Titled-Tuesday-Blitz-September-05-2023"]
[Site "Chess.com"]
[Date "2023.09.05"]
[Round "5"]
[White "Virgo15"]
[Black "Rud_Makarian"]
[Result "1-0"]
[WhiteElo "2710"]
[BlackElo "2927"]
[TimeControl "180+1"]
[EndTime "8:55:26 PDT"]
[Termination "Virgo15 won by resignation"]

1. d4 Nf6 2. Bf4 c5 3. d5 b5 4. e4 Nxe4 5. Qf3 Qa5+ 6. Nd2 Nxd2 7. Bxd2 Qb6 8. a4 bxa4 9. Bc3 d6 10. Rxa4 Nd7 11. Rf4 Nf6 12. g4 h6 13. h4 Ba6 14.
Bxa6 Qxa6 15. Ne2 Qb7 16. Bxf6 gxf6 17. b3 h5 18. g5 Bg7 19. O-O O-O-O 20. Ra4 fxg5 21.
hxg5 Be5 22. c3 Rdg8 23. Rfa1 Rxg5+ 24. Kf1 Kb8 25. Qxf7 Bf6 26. Rxa7 Qxa7 27. Rxa7 Kxa7 28. Nf4 h4 29. Qe6 Rd8 30. Nd3 Kb6 31. b4 cxb4 32.
Qe3+ Kb5 33. cxb4 Rxd5 34. Nf4 Rd1+ 35. Ke2 Rd4 36. Ne6 Rd5 37. Kf3 Rf5+ 38. Kg4 Re5 39.
Qd3+ Kxb4 40. Nxd8 Kc5 41. Nf7 Rd5 42. Qa3+ Kd4 43. Nd8 Rg5+ 44. Kh3 Rg1 45. Ne6+ Ke5 46. Qe3+ Kd5 47. Nf4+ Kc4 48. Qe4+ Kc5 49. Nd5 Be5 50. f4 Bd4 51. Nxe7 Rg3+ 52. Kxh4 Bf2 53. Qc2+ 1-0

[Event "Early-Titled-Tuesday-Blitz-September-05-2023"]
[Site "Chess.com"]
[Date "2023.09.05"]
[Round "5"]
[White "Orest_Vovk"]
[Black "aakankshachess"]
[Result "1-0"]
[WhiteElo "2605"]
[BlackElo "2448"]
[TimeControl "180+1"]
[EndTime "8:55:27 PDT"]
[Termination "Orest_Vovk won on time"]

1. e4 c5 2. Nf3 d6 3. Bb5+ Nc6 4. Bxc6+ bxc6 5. O-O Bg4 6. h3 Bxf3 7. Qxf3 e5 8.
d3 Nf6 9. Bg5 Be7 10. Bxf6 Bxf6 11. Na3 O-O 12. Nc4 Rb8 13. b3 d5 14. Ne3 Qd7 15. exd5 e4 16. dxe4 Bxa1 17. Rxa1 cxd5 18.
Nxd5 Rfe8 19. Qf4 Rbd8 20. c4 Qd6 21. Qxd6 Rxd6 22. f3 g6 23. Kf2 Kg7 24. g4 Rh8 25. f4 h6 26. Kf3 Ra6 27. e5 Rb8 28. f5 Rxb3+ 29. Ke4 gxf5+ 30. gxf5 Rxh3 31. Rg1+ Kf8 32. Nf6 Ke7 33. Nd5+ Kf8 34. Nf6 Ke7 35. Rg8 Rxf6 36. exf6+ Kxf6 37. Ra8 Ra3 38. Rc8 Rxa2 39. Rxc5 h5 40.
Kf4 Rf2+ 41. Ke4 h4 42. Rc6+ Kg5 43. Rc7 Re2+ 44. Kd3 Re5 45. Rxf7 a5 46. Rh7 Rxf5 47. Kd4 Kg4 48. c5 a4 49. c6 a3 50. c7 Rf8 51.
Rg7+ Kh3 52. Rg1 1-0

[Event "Early-Titled-Tuesday-Blitz-September-05-2023"]
[Site "Chess.com"]
[Date "2023.09.05"]
[Round "5"]
[White "kirillshevchenko"]
[Black "psychokiller48"]
[Result "1-0"]
[WhiteElo "2971"]
[BlackElo "2703"]
[TimeControl "180+1"]
[EndTime "8:55:29 PDT"]
[Termination "kirillshevchenko won on time"]

1. c4 e6 2. g3 d5 3. Bg2 Nf6 4. Nf3 Be7 5. O-O O-O 6. b3 b6 7. Bb2 Bb7 8. e3 c5 9. Nc3 Nc6 10. cxd5 Nxd5 11. Nxd5 Qxd5 12. d4 Qf5 13. Ne5 Nxe5 14.
Bxb7 Rab8 15. Bg2 Nd3 16. Ba3 Nb4 17. Bxb4 cxb4 18. Qe2 Rfc8 19. e4 Qa5 20. Rad1 Rd8 21. h4 Rbc8 22. Rfe1 Rc3 23. d5 e5 24. Bh3 Bxh4 25.
d6 Qc5 26. Rd5 Rxg3+ 27. Bg2 Rxg2+ 28. Kxg2 Qc6 29. Qh5 Bf6 30. Rh1 h6 31. Rhd1 Qc2 32. Qf3 Qxa2 33. Rc1 Qa6 34. Rc7 b5 35. Qd3 Bg5 36.
Qxb5 Rxd6 37. Qe8+ Kh7 38. Rxd6 Qxd6 39. Qxf7 Bf6 40.
Qd7 Qxd7 41. Rxd7 Bg5 42. Rxa7 Bd2 43. Kg3 h5 44. Ra6 g6 45. Re6 Bc3 46. f4 exf4+ 47. Kxf4 Kg7 48. e5 Kf7 49. Rf6+ Kg7 50. Rb6 Kf7 51. Rc6 h4 52. e6+ Kf6 53. Kg4 g5 54. Rb6 Bd2 55. Rd6 Bf4 56. Ra6 Bd2 57. Rc6 1-0

[Event "Early-Titled-Tuesday-Blitz-September-05-2023"]
[Site "Chess.com"]
[Date "2023.09.05"]
[Round "5"]
[White "benny_aizenberg"]
[Black "Cambek64"]
[Result "0-1"]
[WhiteElo "2650"]
[BlackElo "2504"]
[TimeControl "180+1"]
[EndTime "8:55:29 PDT"]
[Termination "Cambek64 won on time"]

1. b3 e5 2. Bb2 d6 3. Nf3 Nc6 4. e4 Nf6 5. Nc3 g6 6. d4 exd4 7. Nxd4 Bg7 8. Nxc6 bxc6 9. Be2 O-O 10. O-O Re8 11. Bf3 Bb7 12. Re1 Nd7 13. Qd2 c5 14. Rab1 Ne5 15. Be2 Qh4 16. g3 Qh3 17. Nd5 Bxd5 18.
Qxd5 Ng4 19. Bxg4 Qxg4 20. Bxg7 Kxg7 21. Rbd1 Rad8 22. Qc6 Re7 23. e5 Rde8 24. Rd5 Rxe5 25. Rdxe5 Rxe5 26. Rxe5 dxe5 27. Qxc5 Qe4 28. Qxc7 Qe1+ 29.
Kg2 Qe4+ 30. Kf1 h5 31. Qxa7 Qxc2 32. Qe3 Qxa2 33. Qxe5+ Kg8 34. Qd5 h4 35. gxh4 Qb1+ 36. Kg2 Qc1 37. h5 gxh5 38. Qxh5 Qc6+ 39. Qf3 Qb5 40.
Qg3+ Kf8 41. Qd6+ Kg8 42. Qd8+ Kg7 43. Qd4+ Kg8 44. Qg4+ Kf8 45. b4 Qb7+ 46. f3 Qd5 47. Qe4 Qd2+ 48. Kh3 Qh6+ 49. Kg3 Qg5+ 50. Qg4 Qe5+ 51.
Qf4 Qe1+ 52. Kg4 Qe6+ 0-1

[Event "Early-Titled-Tuesday-Blitz-September-05-2023"]
[Site "Chess.com"]
[Date "2023.09.05"]
[Round "5"]
[White "sebastianmarinp"]
[Black "szachuspl"]
[Result "0-1"]
[WhiteElo "2402"]
[BlackElo "2540"]
[TimeControl "180+1"]
[EndTime "8:55:29 PDT"]
[Termination "szachuspl won on time"]

1. e4 d5 2. exd5 Nf6 3. Nf3 Nxd5 4. d4 g6 5. h3 Bg7 6. Bc4 O-O 7. O-O Nc6 8. Bb3 a5 9. a4 Bf5 10. Na3 Ndb4 11.
c3 Nd3 12. Bc2 Nxc1 13. Bxf5 gxf5 14. Qxc1 e6 15. Nb5 Ne7 16. Qf4 Nd5 17. Qg3 Kh8 18.
c4 f4 19. Qg4 f5 20. Qh5 Nf6 21. Qh4 c6 22. Nc3 Qc7 23. Rfe1 Rae8 24. Ne5 Kg8 25. Qxf4 Nd7 26. Nd3 Qxf4 27. Nxf4 e5 28. dxe5 Bxe5 29. Nd3 Bd4 30. Rad1 Rxe1+ 31. Nxe1 Bxc3 32. bxc3 Nc5 33. Nf3 Re8 34. Nd4 f4 35. Kf1 Kf7 36. Nf5 Kf6 37.
Nd6 Re7 38. Nc8 Rc7 39. Nb6 Re7 40. Rd6+ Kf5 41. Rd8 h6 42. Rf8+ Kg5 43. g3 fxg3 44. fxg3 Re3 45. Kf2 Rxc3 46. h4+ Kg6 47. g4 Rb3 48.
Nc8 Nxa4 49. Nd6 Nc5 50. Rg8+ Kh7 51. Rf8 a4 52. g5 hxg5 53. hxg5 Ne6 54. Rf7+ Kg8 55.
g6 a3 56. Rf6 a2 57. Rxe6 a1=Q 58. Nf5 Qa2+ 59. Kf1 Rb1+ 0-1

[Event "Early-Titled-Tuesday-Blitz-September-05-2023"]
[Site "Chess.com"]
[Date "2023.09.05"]
[Round "5"]
[White "Harry_Rakkel"]
[Black "Vladimir_Zakhartsov"]
[Result "1-0"]
[WhiteElo "2667"]
[BlackElo "2872"]
[TimeControl "180+1"]
[EndTime "8:55:30 PDT"]
[Termination "Harry_Rakkel won by resignation"]

1. e4 c6 2. Nf3 d5 3. d3 Na6 4. Nbd2 Nc7 5. g3 g6 6. Bg2 Bg7 7. O-O f6 8. d4 Nh6 9. h3 O-O 10. c4 Nf7 11. Re1 e6 12. b3 b6 13.
Ba3 Re8 14. Rc1 Ba6 15. cxd5 cxd5 16. e5 fxe5 17. dxe5 Rc8 18. Bb2 Qd7 19. Ne4 Nb5 20. Nf6+ Bxf6 21. exf6 Nbd6 22. Ne5 Nxe5 23. Bxe5 Nf7 24.
Bb2 Rxc1 25. Qxc1 e5 26. Qd2 Bb7 27. f4 d4 28. fxe5 Bxg2 29. Qxg2 Nxe5 30. Rd1 Qf5 31. Kh1 Nf3 32. Rf1 Re2 33. f7+ Kg7 34. f8=Q+ Kxf8 35. Qxf3 Qxf3+ 36. Rxf3+ Ke7 37. Bxd4 Rxa2 38. Rf2 Ra3 39. Rb2 Ra1+ 40. Kg2 Rd1 41. Be3 Rd3 42. Kf3 Kd7 43. Ke4 Rc3 44. h4 Ke6 45. g4 Rc8 46. Re2 Rc3 47. b4 Rc4+ 48. Kf3 Kd5 49. Rd2+ Kc6 50. Rd4 Rxd4 51. Bxd4 Kd5 52. Bc3 h5 53. gxh5 gxh5 54.
Kf4 Kc4 55. Be1 a5 56. bxa5 bxa5 57. Bxa5 Kd5 58. Kg5 Ke6 59. Kxh5 Kf7 60. Kh6 Kg8 61. Kg6 Kh8 62. h5 Kg8 63. h6 Kh8 64. Bc3+ Kg8 65.
h7+ 1-0

[Event "Early-Titled-Tuesday-Blitz-September-05-2023"]
[Site "Chess.com"]
[Date "2023.09.05"]
[Round "5"]
[White "Duong57"]
[Black "Fh2411"]
[Result "1-0"]
[WhiteElo "2484"]
[BlackElo "2596"]
[TimeControl "180+1"]
[EndTime "8:55:30 PDT"]
[Termination "Duong57 won by resignation"]

1. d4 Nf6 2. c4 e6 3. Nc3 Bb4 4. Qc2 O-O 5. a3 Bxc3+ 6. Qxc3 d5 7.
cxd5 exd5 8. Bf4 c6 9. e3 Bf5 10. Bd3 Bxd3 11. Qxd3 Nbd7 12. Nf3 Ne4 13. O-O Qe7 14.
h3 Rfe8 15. Ne5 Nb6 16. b3 a6 17. Qc2 Nc8 18. Nd3 Ncd6 19. a4 Rad8 20. f3 Nf6 21.
Nc5 Nh5 22. Be5 f6 23. Bxd6 Rxd6 24. Rfe1 g6 25. e4 dxe4 26. Rxe4 Qf7 27. Rxe8+ Qxe8 28. Qc4+ Kg7 29. Kf2 Qc8 30. Re1 Nf4 31. Re7+ Kh6 32.
Ne4 Rd5 33. Nxf6 Qf8 34. Rxh7+ Kg5 35. Ne4+ Kf5 36. g4+ Ke6 37. Ng5+ Kf6 38. Rf7+ Qxf7 39. Nxf7 Kxf7 40. Kg3 g5 41. h4 Ne6 42. hxg5 Nxg5 43.
f4 Ne4+ 44. Kh4 Nd6 45. Qd3 Kg7 46. Qe3 Nf7 47. Qe4 b5 48. g5 bxa4 49. bxa4 Rd6 50. f5 Rd5 51. f6+ Kf8 52. Qe7+ Kg8 53. Qe8+ 1-0